Map: Glittering Ashes LE

Players

chooong - Winner!

  • Race: Protoss Protoss
  • League: Platinum
  • Spawn Location: 7:00

edgyee

  • Race: Zerg Zerg
  • League: Gold
  • Spawn Location: 1:00

VOD

Have the link to the VOD?

Description

Time

  • Played on: May 23, 2022, 7:52 p.m.
  • Length: 11:00
Show
View Real Time Build Order
Export as new Build Order

chooong Protoss - Winner!

Build Orders: Colossus Rush 

Get SALT Encoding   

  12  0:00  Probe  
  13  0:15  Pylon  
  13  0:18  Probe  
  14  0:30  Probe  
  15  0:40  Gateway  
  15  0:42  Probe  
  16  0:56  Probe  
  17  1:02  Assimilator  
  17  1:05  Assimilator  
  17  1:08  Probe  
  18  1:14  Gateway  
  18  1:20  Probe  
  19  1:30  Cybernetics Core  
  19  1:35  Probe  
  20  1:48  Probe  
  20  1:53  Pylon  
  21  2:00  Probe  
  22  2:11  Stalker x2 (Chrono Boost)  
  26  2:16  Warp Gate  
  26  2:31  Probe  
  27  2:38  Stalker x2 (Chrono Boost)  
  27  2:41  Pylon  
  31  3:05  Nexus  
  31  3:16  Robotics Facility  
  31  3:24  Probe  
  32  3:36  Probe  
  33  4:07  Gateway  
  33  4:09  Stalker  
  35  4:10  Stalker  
  35  4:11  Robotics Bay  
  35  4:12  Observer (Chrono Boost)  
  38  4:22  Probe x2  
  40  4:34  Probe x2  
  40  4:35  Stalker x2  
  46  4:41  Immortal (Chrono Boost)  
  50  4:47  Probe  
  50  4:49  Probe  
  52  4:59  Pylon  
  52  5:02  Probe x2  
  52  5:03  Extended Thermal Lance (Chrono Boost)  
  54  5:19  Pylon  
  54  5:20  Probe x2  
  56  5:30  Colossus (Chrono Boost)  
  62  5:38  Zealot x2  
  66  5:51  Zealot  
  68  6:12  Nexus  
  68  6:15  Stalker, Pylon  
  70  6:28  Pylon  
  70  6:34  Forge  
  70  6:36  Probe x2  
  72  6:40  Assimilator, Pylon  
  72  6:43  Assimilator  
  72  6:44  Stalker  
  74  6:48  Probe x2  
  74  6:49  Colossus (Chrono Boost)  
  82  7:00  Probe  
  82  7:01  Probe  
  84  7:18  Probe x2  
  86  7:25  Probe, Colossus (Chrono Boost)  
  93  7:30  Stalker x2, Probe x2  
  99  7:37  Probe, Stalker  
  99  7:42  Probe x2  
  104  7:55  Gateway  
  104  7:57  Probe x3  
  107  8:09  Probe  
  96  8:30  Stalker x3  
  98  8:37  Gateway  
  98  8:40  Gateway x2  
  98  8:52  Colossus (Chrono Boost)  
  104  9:14  Stalker x2  
  102  9:31  Stalker x2  
  102  9:36  Pylon  
  102  9:37  Pylon  
  102  9:38  Pylon  
  106  9:40  Pylon  
  106  9:41  Pylon  
  106  9:43  Pylon  
  106  9:45  Pylon  
  106  9:47  Pylon  
  106  9:53  Colossus  
  112  10:07  Photon Cannon  
  112  10:11  Photon Cannon, Pylon  
  112  10:14  Stalker x4  
  114  10:15  Stalker x3, Photon Cannon  
  114  10:17  Photon Cannon  
  126  10:23  Probe x3  
  129  10:35  Probe  
Show
View Real Time Build Order
Export as new Build Order

edgyee Zerg 

Build Orders: Hatch First, Lurkers 

Get SALT Encoding   

  12  0:00  Drone  
  13  0:13  Overlord  
  13  0:17  Drone  
  14  0:32  Drone  
  14  0:33  Drone  
  16  0:53  Drone  
  17  0:59  Drone  
  17  1:00  Drone  
  17  1:01  Hatchery  
  17  1:03  Extractor  
  17  1:24  Spawning Pool  
  16  1:47  Drone x2  
  18  1:48  Drone  
  19  2:12  Queen  
  19  2:14  Queen  
  24  2:15  Zergling x4  
  24  2:17  Metabolic Boost  
  25  2:23  Drone x2  
  25  2:25  Drone  
  28  2:30  Overlord  
  28  2:51  Lair  
  28  2:56  Overlord  
  28  2:57  Overlord  
  28  3:04  Baneling Nest  
  28  3:05  Overlord  
  27  3:16  Zergling x8  
  31  3:25  Queen  
  31  3:53  Zergling x2  
  31  3:54  Zergling x12  
  36  3:55  Drone  
  36  3:56  Drone x3  
  40  4:20  Queen  
  40  4:21  Overlord  
  40  4:23  Overlord  
  42  4:27  Overseer  
  42  4:35  Centrifugal Hooks  
  42  4:37  Baneling x2  
  42  4:39  Queen  
  42  4:41  Extractor  
  42  4:42  Drone  
  42  4:43  Drone  
  42  4:44  Drone  
  46  4:46  Drone  
  47  5:15  Drone  
  47  5:16  Drone x5  
  53  6:07  Hydralisk Den  
  53  6:08  Drone x3  
  53  6:10  Extractor  
  54  6:11  Drone x3  
  54  6:12  Roach Warren  
  54  6:13  Drone x3  
  59  6:42  Lurker Den  
  59  6:43  Drone  
  59  6:44  Extractor  
  59  6:45  Overlord  
  59  6:46  Overlord x2  
  58  6:47  Overlord  
  58  7:06  Hatchery  
  57  7:13  Drone x2  
  57  7:14  Muscular Augments, Hydralisk  
  57  7:15  Hydralisk x8  
  77  7:25  Infestation Pit  
  76  7:32  Overlord  
  76  7:33  Overlord x2  
  76  7:34  Overlord  
  76  7:35  Overlord  
  76  7:48  Lurker  
  76  7:49  Lurker  
  76  7:51  Lurker  
  79  8:04  Lurker  
  68  8:37  Lurker x2  
  68  8:38  Lurker x2  
  72  8:42  Zergling x8  
  72  8:43  Zergling x22  
  87  9:03  Baneling  
  87  9:04  Baneling x11  
  87  9:07  Roach  
  89  9:18  Overseer  
  75  9:33  Overseer, Hydralisk  
  75  9:34  Hydralisk x5  
  87  10:01  Spire  
  87  10:02  Extractor, Drone x3  
  87  10:04  Extractor  
  87  10:18  Overlord x2, Drone  
Tags
 
Composition
Lurkers
Matchup
PvZ
Spawn Locations
Cross Positions
Add a new tag
Caveats
  • Supply blocks, unpowered buildings, or Contaminate may cause inaccurate times.
  • Supply counts are checked every 10 seconds.